THEDFORD MINES ISOTHERMIC vs LIMOILOU WOLF PACK
Created - 14 octobre 2025 at 22:11
Goals
|
| THEDFORD MINES ISOTHERMIC |
1 |
0 |
0 |
1 |
2 |
| LIMOILOU WOLF PACK |
0 |
1 |
0 |
0 |
1 |
|
Shots
|
| THEDFORD MINES ISOTHERMIC |
11 |
8 |
16 |
6 |
41 |
| LIMOILOU WOLF PACK |
13 |
14 |
8 |
1 |
36 |
|
1st period
1. THEDFORD MINES ISOTHERMIC , Emil Bemstrom 1 (Wyatt Bongiovanni 1, Mikael Diotte 1) at 8:41
Penalties :
Mikulas Hovorka (TFM) for High sticking (Minor) at 11:28, Dominik Shine (LIM) for Roughing (Minor) at 18:46
2nd period
2. LIMOILOU WOLF PACK , Nicolas Aube-Kubel 1 (Philippe Daoust 3) at 8:27
Penalties :
Nicolas Aube-Kubel (LIM) for Hooking (Minor) at 1:47
3rd period
No Goal
Penalties :
Chad Ruhwedel (LIM) for Hooking (Minor) at 2:34, Philippe Daoust (LIM) for Hooking (Minor) at 5:00, Mikael Diotte (TFM) for Tripping (Minor) at 11:00, Jeff Malott (LIM) for Roughing (Minor) at 14:57
Overtime #1
3. THEDFORD MINES ISOTHERMIC , Oliver Okuliar 1 (Kyle Criscuolo 1) at 2:54
Penalties :
No Penalty
Goalie Stats
Domenic DiVincentiis (TFM), 35 saves from 36 shots - (0,972), W, 2-0-0, 62:55 minutes
Anton Forsberg (LIM), 39 saves from 41 shots - (0,951), OTL, 1-0-1, 62:55 minutes
Players Stats for THEDFORD MINES ISOTHERMIC
Player Name G A P +/- PIM S H SB GA TA FO MP PP MP PK MP
------------------------------------------------------------------------------------
Brian Halonen 0 0 0 -1 0 8 2 0 0 0 2/7 24:49 6:06 2:40
Chase Pauls 0 0 0 1 0 2 3 1 0 0 0/0 23:01 3:40 2:03
Djibril Toure 0 0 0 -1 0 3 6 1 0 0 0/0 25:48 6:15 2:13
Emil Bemstrom 1 0 1 1 0 1 3 0 0 0 0/1 11:05 0:00 0:00
Ethan Cardwell 0 0 0 1 0 2 0 0 0 0 0/0 11:15 0:00 0:00
Filip Engaras 0 0 0 0 0 0 3 0 0 0 0/1 17:20 3:49 0:00
Grant Cruikshank 0 0 0 0 0 1 0 1 0 0 3/9 7:10 0:00 0:00
James Hamblin 0 0 0 -1 0 6 1 1 0 0 26/47 24:49 6:06 2:40
Joe Arntsen 0 0 0 1 0 1 0 0 0 0 0/0 23:17 3:40 2:19
Jordan Martel 0 0 0 0 0 0 1 0 0 0 0/0 7:10 0:00 0:00
Kyle Criscuolo 0 1 1 1 0 5 0 0 0 0 16/30 19:51 3:49 1:18
Luke Haymes 0 0 0 0 0 0 0 0 0 0 2/2 7:10 0:00 0:00
Mikael Diotte 0 1 1 1 2 0 2 3 0 0 0/0 14:13 0:00 0:00
Mikulas Hovorka 0 0 0 -1 2 0 3 1 0 0 0/0 24:29 6:15 0:55
Oliver Okuliar 1 0 1 0 0 6 4 0 0 0 4/4 22:58 6:06 1:18
Otto Stenberg 0 0 0 0 0 6 0 0 0 0 0/1 17:20 3:49 0:00
Sam Sedley 0 0 0 1 0 0 0 1 0 0 0/0 14:40 0:00 0:26
Wyatt Bongiovanni 0 1 1 1 0 0 1 0 0 0 5/6 11:15 0:00 0:00
Players Stats for LIMOILOU WOLF PACK
Player Name G A P +/- PIM S H SB GA TA FO MP PP MP PK MP
------------------------------------------------------------------------------------
Aidan Fulp 0 0 0 0 0 2 0 2 0 0 0/0 18:41 1:34 3:51
Akil Thomas 0 0 0 -1 0 3 3 0 0 0 2/8 24:59 1:14 4:50
Arthur Kaliyev 0 0 0 1 0 8 2 0 0 0 0/0 16:09 1:45 2:55
Brendan Brisson 0 0 0 0 0 0 0 0 0 0 0/3 9:33 0:00 0:18
Cam McDonald 0 0 0 0 0 0 0 1 0 0 0/0 9:13 0:00 0:49
Chad Ruhwedel 0 0 0 0 2 0 4 3 0 0 0/0 22:56 2:24 4:40
Charlie Wright 0 0 0 -1 0 0 1 3 0 0 0/0 11:51 0:00 0:22
Colton Dach 0 0 0 0 0 1 1 0 0 0 1/1 2:05 0:00 0:00
Dominik Shine 0 0 0 -1 2 4 2 0 0 0 6/17 15:43 0:59 4:18
Jackson van de Leest 0 0 0 -1 0 0 2 1 0 0 0/0 12:15 0:00 0:46
Jacob Perreault 0 0 0 -1 0 4 0 0 0 0 17/23 17:37 1:08 0:47
Jeff Malott 0 0 0 -1 2 4 4 0 0 0 3/19 23:23 1:05 0:00
Nicolas Aube-Kubel 1 0 1 1 2 1 1 0 0 0 0/2 14:08 1:45 0:00
Nicolas Deslauriers 0 0 0 0 0 1 2 5 0 0 0/0 18:41 1:34 3:51
Oskar Pettersson 0 0 0 -1 0 4 0 0 0 0 2/6 23:57 2:13 1:52
Philippe Daoust 0 1 1 1 2 2 0 1 0 0 19/29 28:17 1:45 4:50
Sebastien Aho 0 0 0 0 0 2 1 0 0 0 0/0 23:48 2:24 5:31
Vincent Sevigny 0 0 0 0 0 0 4 0 0 0 0/0 8:24 0:00 0:00
3 Stars
1 - Domenic DiVincentiis (TFM)
2 - Anton Forsberg (LIM)
3 - Emil Bemstrom (TFM)
Power Play
THEDFORD MINES ISOTHERMIC - 0 on 5 Attempt(s) - 0,00%
LIMOILOU WOLF PACK - 0 on 2 Attempt(s) - 0,00%
Penalty Kill
THEDFORD MINES ISOTHERMIC - 2 on 2 Attempt(s) - 100,00%
- Score 0 goal in Penalty Kill
LIMOILOU WOLF PACK - 5 on 5 Attempt(s) - 100,00%
- Score 0 goal in Penalty Kill
Team Stat
THEDFORD MINES ISOTHERMIC - Hits : 29 - Faceoff Wins : 58 - Blocked Shots : 9 - Penalty Minutes : 4
LIMOILOU WOLF PACK - Hits : 27 - Faceoff Wins : 50 - Blocked Shots : 16 - Penalty Minutes : 10
Official
Referees : Mitch Dunning and Corey Syvret
Linesman : Scott Cherrey and Devin Berg
Game Notes
Colton Dach is injured at 5:24 of 1st period (Left Knee)
THEDFORD MINES ISOTHERMIC
5 vs 5 Forward
Center Left Wing Right Wing Time % Phy DF OF
1 James Hamblin Brian Halonen Oliver Okuliar 36 1 2 2
2 Kyle Criscuolo Otto Stenberg Filip Engaras 31 1 2 2
3 Wyatt Bongiovanni Emil Bemstrom Ethan Cardwell 23 1 2 2
4 Grant Cruikshank Luke Haymes Jordan Martel 10 1 2 2
5 vs 5 Defense
Defense Defense Time % Phy DF OF
1 Mikulas Hovorka Djibril Toure 36 1 2 2
2 Joe Arntsen Chase Pauls 31 1 2 2
3 Mikael Diotte Sam Sedley 23 1 2 2
4 Mikulas Hovorka Djibril Toure 10 1 2 2
PowerPlay Forward
Center Left Wing Right Wing Time % Phy DF OF
1 James Hamblin Brian Halonen Oliver Okuliar 55 1 2 2
2 Kyle Criscuolo Otto Stenberg Filip Engaras 45 1 2 2
PowerPlay Defense
Defense Defense Time % Phy DF OF
1 Mikulas Hovorka Djibril Toure 55 1 2 2
2 Joe Arntsen Chase Pauls 45 1 2 2
Penalty Kill 4 Players Forward
Center Wing Time % Phy DF OF
1 James Hamblin Brian Halonen 55 1 2 2
2 Oliver Okuliar Kyle Criscuolo 45 1 2 2
Penalty Kill 4 Players Defense
Defense Defense Time % Phy DF OF
1 Mikulas Hovorka Djibril Toure 55 1 2 2
2 Joe Arntsen Chase Pauls 45 1 2 2
Penalty Kill - 3 Players Forward
Forward Time % Phy DF OF
1 James Hamblin 55 1 2 2
2 Brian Halonen 45 1 2 2
Penalty Kill - 3 Players Defense
Defense Defense Time % Phy DF OF
1 Mikulas Hovorka Djibril Toure 55 1 2 2
2 Joe Arntsen Chase Pauls 45 1 2 2
4 vs 4 Forward
Center Wing Time % Phy DF OF
1 James Hamblin Brian Halonen 55 1 2 2
2 Oliver Okuliar Kyle Criscuolo 45 1 2 2
4 vs 4 Defense
Defense Defense Time % Phy DF OF
1 Mikulas Hovorka Djibril Toure 55 1 2 2
2 Joe Arntsen Chase Pauls 45 1 2 2
Last Minutes Offensive
Center Left Wing Right Wing Defense Defense
James Hamblin Brian Halonen Oliver Okuliar Mikulas Hovorka Djibril Toure
Last Minutes Defensive
Center Left Wing Right Wing Defense Defense
James Hamblin Brian Halonen Oliver Okuliar Mikulas Hovorka Djibril Toure
Goaltenders
Starting : Domenic DiVincentiis
Backup : Georgi Romanov
Extra Forwards
Normal : Wyatt Bongiovanni, Ethan Cardwell, Emil Bemstrom - PP : Wyatt Bongiovanni, Ethan Cardwell - PK : Emil Bemstrom
Extra Defensemen
Normal : Mikael Diotte, Sam Sedley, Joe Arntsen - PP : Mikael Diotte - PK : Sam Sedley, Joe Arntsen
Penalty Shots
James Hamblin, Brian Halonen, Oliver Okuliar, Kyle Criscuolo, Wyatt Bongiovanni
Scratches
Gavin White (Healthy), Jack Studnicka (Healthy), Andrew Perrott (Healthy), Tanner Laczynski (Healthy), Evan Gardner (Healthy)
Nikita Tolopilo (Healthy)
LIMOILOU WOLF PACK
5 vs 5 Forward
Center Left Wing Right Wing Time % Phy DF OF
1 Colton Dach Oskar Pettersson Akil Thomas 36 1 2 2
2 Philippe Daoust Arthur Kaliyev Nicolas Aube-Kubel 31 1 2 2
3 Jacob Perreault Jeff Malott Dominik Shine 23 1 2 2
4 Colton Dach Brendan Brisson Philippe Daoust 10 1 2 2
5 vs 5 Defense
Defense Defense Time % Phy DF OF
1 Chad Ruhwedel Sebastien Aho 36 1 2 2
2 Nicolas Deslauriers Aidan Fulp 31 1 2 2
3 Charlie Wright Jackson van de Leest 23 1 2 2
4 Cam McDonald Vincent Sevigny 10 1 2 2
PowerPlay Forward
Center Left Wing Right Wing Time % Phy DF OF
1 Colton Dach Oskar Pettersson Akil Thomas 55 1 2 2
2 Philippe Daoust Arthur Kaliyev Nicolas Aube-Kubel 45 1 2 2
PowerPlay Defense
Defense Defense Time % Phy DF OF
1 Chad Ruhwedel Sebastien Aho 55 1 2 2
2 Nicolas Deslauriers Aidan Fulp 45 1 2 2
Penalty Kill 4 Players Forward
Center Wing Time % Phy DF OF
1 Colton Dach Philippe Daoust 55 1 2 2
2 Oskar Pettersson Akil Thomas 45 1 2 2
Penalty Kill 4 Players Defense
Defense Defense Time % Phy DF OF
1 Chad Ruhwedel Sebastien Aho 55 1 2 2
2 Nicolas Deslauriers Aidan Fulp 45 1 2 2
Penalty Kill - 3 Players Forward
Forward Time % Phy DF OF
1 Colton Dach 55 1 2 2
2 Philippe Daoust 45 1 2 2
Penalty Kill - 3 Players Defense
Defense Defense Time % Phy DF OF
1 Chad Ruhwedel Sebastien Aho 55 1 2 2
2 Nicolas Deslauriers Aidan Fulp 45 1 2 2
4 vs 4 Forward
Center Wing Time % Phy DF OF
1 Colton Dach Philippe Daoust 55 1 2 2
2 Oskar Pettersson Akil Thomas 45 1 2 2
4 vs 4 Defense
Defense Defense Time % Phy DF OF
1 Chad Ruhwedel Sebastien Aho 55 1 2 2
2 Nicolas Deslauriers Aidan Fulp 45 1 2 2
Last Minutes Offensive
Center Left Wing Right Wing Defense Defense
Colton Dach Oskar Pettersson Akil Thomas Chad Ruhwedel Sebastien Aho
Last Minutes Defensive
Center Left Wing Right Wing Defense Defense
Colton Dach Oskar Pettersson Akil Thomas Chad Ruhwedel Sebastien Aho
Goaltenders
Starting : Anton Forsberg
Backup : Collin Delia
Extra Forwards
Normal : Jeff Malott, Jacob Perreault, Dominik Shine - PP : Jeff Malott, Jacob Perreault - PK : Dominik Shine
Extra Defensemen
Normal : Charlie Wright, Jackson van de Leest, Cam McDonald - PP : Charlie Wright - PK : Jackson van de Leest, Cam McDonald
Penalty Shots
Colton Dach, Philippe Daoust, Oskar Pettersson, Akil Thomas, Arthur Kaliyev
Scratches
Alex Suzdalev (Healthy), Lukas Fischer (Healthy), Vinni Lettieri (Strained Left Elbow Injury), Malcolm Subban (Healthy)
% Time on Ice - THEDFORD MINES ISOTHERMIC
Lines # - Real PCT - Wanted PCT - Time Play
Normal Forward
1 - 31% - 36% - 14:21
2 - 29% - 31% - 13:31
3 - 24% - 23% - 11:05
4 - 16% - 10% - 7:10
Normal Defense
1 - 33% - 36% - 15:12
2 - 35% - 31% - 15:57
3 - 31% - 23% - 14:14
4 - 2% - 10% - 0:44
PP Forward
1 - 62% - 55% - 6:06
2 - 38% - 45% - 3:49
PP Defense
1 - 63% - 55% - 6:15
2 - 37% - 45% - 3:40
PK Forward
1 - 67% - 55% - 2:40
2 - 33% - 45% - 1:18
PK Defense
1 - 73% - 55% - 2:54
2 - 27% - 45% - 1:04
PK3 Forward
1 - 0% - 55%
2 - 0% - 45%
PK3 Defense
1 - 0% - 55%
2 - 0% - 45%
44 Forward
1 - 58% - 55% - 1:42
2 - 42% - 45% - 1:13
44 Defense
1 - 48% - 55% - 1:24
2 - 52% - 45% - 1:31
Last Minute Offensive - 0:00
Last Minute Defensive - 0:00
Total
Forward - 62:55
Defense - 62:55
|
% Time on Ice - LIMOILOU WOLF PACK
Lines # - Real PCT - Wanted PCT - Time Play
Normal Forward
1 - 41% - 36% - 19:04
2 - 25% - 31% - 11:29
3 - 14% - 23% - 6:19
4 - 20% - 10% - 9:15
Normal Defense
1 - 32% - 36% - 14:54
2 - 25% - 31% - 11:20
3 - 25% - 23% - 11:29
4 - 18% - 10% - 8:24
PP Forward
1 - 56% - 55% - 2:13
2 - 44% - 45% - 1:45
PP Defense
1 - 61% - 55% - 2:24
2 - 39% - 45% - 1:34
PK Forward
1 - 81% - 55% - 8:03
2 - 19% - 45% - 1:52
PK Defense
1 - 61% - 55% - 6:04
2 - 39% - 45% - 3:51
PK3 Forward
1 - 0% - 55%
2 - 0% - 45%
PK3 Defense
1 - 0% - 55%
2 - 0% - 45%
44 Forward
1 - 73% - 55% - 2:07
2 - 27% - 45% - 0:48
44 Defense
1 - 34% - 55% - 0:59
2 - 66% - 45% - 1:56
Last Minute Offensive - 0:00
Last Minute Defensive - 0:00
Total
Forward - 62:55
Defense - 62:55
|
Play-by-Play
1st period
0:01 of 1st period - Colton Dach wins face-off versus James Hamblin in neutral zone.
0:27 of 1st period - Shot by Akil Thomas.
0:27 of 1st period - Stopped by Domenic DiVincentiis without a rebound.
0:28 of 1st period - Kyle Criscuolo wins face-off versus Philippe Daoust in THEDFORD MINES ISOTHERMIC zone.
0:34 of 1st period - Icing by Nicolas Deslauriers.
0:35 of 1st period - Wyatt Bongiovanni wins face-off versus Philippe Daoust in LIMOILOU WOLF PACK zone.
0:47 of 1st period - Shot by Arthur Kaliyev.
0:47 of 1st period - Shot Misses the Net.
1:55 of 1st period - Wyatt Bongiovanni is hit by Colton Dach and loses puck.
2:07 of 1st period - Colton Dach is hit by Filip Engaras and loses puck.
2:18 of 1st period - Shot by Kyle Criscuolo.
2:18 of 1st period - Stopped by Anton Forsberg without a rebound.
2:19 of 1st period - James Hamblin wins face-off versus Philippe Daoust in LIMOILOU WOLF PACK zone.
2:19 of 1st period - James Hamblin is hit by Vincent Sevigny.
2:29 of 1st period - Shot by Oliver Okuliar.
2:29 of 1st period - Shot Misses the Net.
2:52 of 1st period - Oliver Okuliar is hit by Vincent Sevigny and loses puck.
4:06 of 1st period - Shot by Kyle Criscuolo.
4:06 of 1st period - Shot Misses the Net.
4:20 of 1st period - Shot by Colton Dach.
4:20 of 1st period - Stopped by Domenic DiVincentiis without a rebound.
4:21 of 1st period - Jacob Perreault wins face-off versus Grant Cruikshank in THEDFORD MINES ISOTHERMIC zone.
4:28 of 1st period - Shot by Dominik Shine.
4:28 of 1st period - Stopped by Domenic DiVincentiis without a rebound.
4:29 of 1st period - Jacob Perreault wins face-off versus Grant Cruikshank in THEDFORD MINES ISOTHERMIC zone.
4:51 of 1st period - Shot by Jacob Perreault.
4:51 of 1st period - Deflect By Jeff Malott.
4:51 of 1st period - Stopped by Domenic DiVincentiis without a rebound.
4:52 of 1st period - Akil Thomas wins face-off versus Kyle Criscuolo in THEDFORD MINES ISOTHERMIC zone.
5:23 of 1st period - Colton Dach is hit by Mikulas Hovorka and loses puck.
5:24 of 1st period - Colton Dach from LIMOILOU WOLF PACK is injured at 5:24 of 1st period (Left Knee).
5:25 of 1st period - Dominik Shine wins face-off versus Brian Halonen in THEDFORD MINES ISOTHERMIC zone.
5:35 of 1st period - Shot by Dominik Shine.
5:35 of 1st period - Shot Misses the Net.
5:45 of 1st period - Shot by James Hamblin.
5:45 of 1st period - Stopped by Anton Forsberg without a rebound.
5:46 of 1st period - Grant Cruikshank wins face-off versus Brendan Brisson in LIMOILOU WOLF PACK zone.
5:51 of 1st period - Shot by Jordan Martel.
5:51 of 1st period - Shot Blocked by Charlie Wright.
6:51 of 1st period - Shot by Oskar Pettersson.
6:51 of 1st period - Shot Misses the Net.
6:53 of 1st period - Shot by Sebastien Aho.
6:53 of 1st period - Stopped by Domenic DiVincentiis without a rebound.
6:54 of 1st period - Kyle Criscuolo wins face-off versus Philippe Daoust in THEDFORD MINES ISOTHERMIC zone.
7:01 of 1st period - Icing by Aidan Fulp.
7:02 of 1st period - Philippe Daoust wins face-off versus James Hamblin in LIMOILOU WOLF PACK zone.
7:43 of 1st period - Shot by James Hamblin.
7:43 of 1st period - Shot Misses the Net.
8:07 of 1st period - Shot by Oskar Pettersson.
8:07 of 1st period - Stopped by Domenic DiVincentiis with a rebound.
8:09 of 1st period - Shot by Sebastien Aho.
8:09 of 1st period - Shot Blocked by Mikael Diotte.
8:11 of 1st period - Shot by Jeff Malott.
8:11 of 1st period - Stopped by Domenic DiVincentiis without a rebound.
8:12 of 1st period - Jacob Perreault wins face-off versus Wyatt Bongiovanni in THEDFORD MINES ISOTHERMIC zone.
8:33 of 1st period - Shot by Wyatt Bongiovanni.
8:33 of 1st period - Shot Blocked by Charlie Wright.
8:39 of 1st period - Shot by Wyatt Bongiovanni.
8:39 of 1st period - Shot Misses the Net.
8:41 of 1st period - Shot by Emil Bemstrom.
8:41 of 1st period - Goal by Emil Bemstrom - THEDFORD MINES ISOTHERMIC : 1 - LIMOILOU WOLF PACK : 0.
8:42 of 1st period - Kyle Criscuolo wins face-off versus Dominik Shine in neutral zone.
8:53 of 1st period - Off-side.
8:54 of 1st period - James Hamblin wins face-off versus Jeff Malott in neutral zone.
9:09 of 1st period - Shot by Jeff Malott.
9:09 of 1st period - Deflect By Akil Thomas.
9:09 of 1st period - Shot Misses the Net.
9:23 of 1st period - Shot by Oskar Pettersson.
9:23 of 1st period - Stopped by Domenic DiVincentiis without a rebound.
9:24 of 1st period - Jacob Perreault wins face-off versus Otto Stenberg in THEDFORD MINES ISOTHERMIC zone.
9:24 of 1st period - Philippe Daoust is hit by Mikulas Hovorka and loses puck.
9:40 of 1st period - Icing by Djibril Toure.
9:41 of 1st period - Philippe Daoust wins face-off versus Kyle Criscuolo in THEDFORD MINES ISOTHERMIC zone.
9:41 of 1st period - Nicolas Aube-Kubel is hit by Djibril Toure.
9:44 of 1st period - Icing by Djibril Toure.
9:45 of 1st period - Kyle Criscuolo wins face-off versus Philippe Daoust in THEDFORD MINES ISOTHERMIC zone.
9:52 of 1st period - Shot by Kyle Criscuolo.
9:52 of 1st period - Shot Blocked by Nicolas Deslauriers.
9:54 of 1st period - Shot by Otto Stenberg.
9:54 of 1st period - Stopped by Anton Forsberg without a rebound.
9:55 of 1st period - Wyatt Bongiovanni wins face-off versus Jeff Malott in LIMOILOU WOLF PACK zone.
10:19 of 1st period - Shot by Wyatt Bongiovanni.
10:19 of 1st period - Deflect By Ethan Cardwell.
10:19 of 1st period - Shot Misses the Net.
10:21 of 1st period - Shot by Chase Pauls.
10:21 of 1st period - Stopped by Anton Forsberg without a rebound.
10:22 of 1st period - James Hamblin wins face-off versus Brendan Brisson in LIMOILOU WOLF PACK zone.
10:26 of 1st period - Oliver Okuliar is hit by Nicolas Deslauriers and loses puck.
10:32 of 1st period - Off-side.
10:33 of 1st period - Philippe Daoust wins face-off versus Filip Engaras in neutral zone.
11:07 of 1st period - Shot by Arthur Kaliyev.
11:07 of 1st period - Stopped by Domenic DiVincentiis with a rebound.
11:19 of 1st period - Shot by Jacob Perreault.
11:19 of 1st period - Stopped by Domenic DiVincentiis without a rebound.
11:20 of 1st period - Jeff Malott wins face-off versus Brian Halonen in THEDFORD MINES ISOTHERMIC zone.
11:28 of 1st period - Minor Penalty to Mikulas Hovorka for High sticking.
11:29 of 1st period - James Hamblin wins face-off versus Jeff Malott in THEDFORD MINES ISOTHERMIC zone.
12:27 of 1st period - Icing by Philippe Daoust.
12:28 of 1st period - James Hamblin wins face-off versus Philippe Daoust in LIMOILOU WOLF PACK zone.
12:33 of 1st period - Shot by Brian Halonen.
12:33 of 1st period - Shot Misses the Net.
13:08 of 1st period - Off-side.
13:09 of 1st period - James Hamblin wins face-off versus Jeff Malott in neutral zone.
13:20 of 1st period - Shot by Brian Halonen.
13:20 of 1st period - Shot Misses the Net.
13:32 of 1st period - Shot by Brendan Brisson.
13:32 of 1st period - Shot Blocked by Mikael Diotte.
13:43 of 1st period - Ethan Cardwell is hit by Jackson van de Leest and loses puck.
13:47 of 1st period - Emil Bemstrom is hit by Jackson van de Leest and loses puck.
13:52 of 1st period - Shot by Wyatt Bongiovanni.
13:52 of 1st period - Deflect By Ethan Cardwell.
13:52 of 1st period - Shot Blocked by Jackson van de Leest.
14:29 of 1st period - Dominik Shine is hit by Djibril Toure and loses puck.
14:36 of 1st period - Shot by Otto Stenberg.
14:36 of 1st period - Stopped by Anton Forsberg without a rebound.
14:37 of 1st period - Grant Cruikshank wins face-off versus Jeff Malott in LIMOILOU WOLF PACK zone.
14:37 of 1st period - Luke Haymes is hit by Nicolas Deslauriers and loses puck.
15:10 of 1st period - Arthur Kaliyev is hit by Chase Pauls and loses puck.
15:31 of 1st period - Shot by Oskar Pettersson.
15:31 of 1st period - Shot Misses the Net.
15:40 of 1st period - Chad Ruhwedel is hit by Jordan Martel and loses puck.
15:52 of 1st period - Icing by Grant Cruikshank.
15:53 of 1st period - Luke Haymes wins face-off versus Dominik Shine in THEDFORD MINES ISOTHERMIC zone.
16:57 of 1st period - Off-side.
16:58 of 1st period - Jacob Perreault wins face-off versus James Hamblin in neutral zone.
16:58 of 1st period - Akil Thomas is hit by Oliver Okuliar and loses puck.
17:10 of 1st period - Jacob Perreault is hit by Djibril Toure and loses puck.
17:23 of 1st period - Akil Thomas is hit by Djibril Toure and loses puck.
17:31 of 1st period - Icing by Oskar Pettersson.
17:32 of 1st period - Jacob Perreault wins face-off versus Kyle Criscuolo in LIMOILOU WOLF PACK zone.
17:41 of 1st period - Filip Engaras is hit by Akil Thomas and loses puck.
18:00 of 1st period - Shot by Jeff Malott.
18:00 of 1st period - Shot Blocked by Mikael Diotte.
18:02 of 1st period - Shot by Aidan Fulp.
18:02 of 1st period - Shot Misses the Net.
18:17 of 1st period - Shot by Philippe Daoust.
18:17 of 1st period - Shot Misses the Net.
18:19 of 1st period - Shot by Aidan Fulp.
18:19 of 1st period - Stopped by Domenic DiVincentiis without a rebound.
18:20 of 1st period - Philippe Daoust wins face-off versus James Hamblin in THEDFORD MINES ISOTHERMIC zone.
18:20 of 1st period - Philippe Daoust is hit by Djibril Toure.
18:22 of 1st period - Shot by Arthur Kaliyev.
18:22 of 1st period - Stopped by Domenic DiVincentiis without a rebound.
18:23 of 1st period - Philippe Daoust wins face-off versus James Hamblin in THEDFORD MINES ISOTHERMIC zone.
18:43 of 1st period - Shot by Arthur Kaliyev.
18:43 of 1st period - Stopped by Domenic DiVincentiis without a rebound.
18:44 of 1st period - Wyatt Bongiovanni wins face-off versus Jacob Perreault in THEDFORD MINES ISOTHERMIC zone.
18:46 of 1st period - Minor Penalty to Dominik Shine for Roughing.
18:47 of 1st period - Brian Halonen wins face-off versus Akil Thomas in LIMOILOU WOLF PACK zone.
18:47 of 1st period - Brian Halonen is hit by Chad Ruhwedel.
19:08 of 1st period - Shot by Brian Halonen.
19:08 of 1st period - Shot Misses the Net.
19:10 of 1st period - Shot by Djibril Toure.
19:10 of 1st period - Stopped by Anton Forsberg without a rebound.
19:11 of 1st period - Jacob Perreault wins face-off versus Kyle Criscuolo in LIMOILOU WOLF PACK zone.
19:26 of 1st period - Shot by Kyle Criscuolo.
19:26 of 1st period - Shot Blocked by Aidan Fulp.
19:28 of 1st period - Shot by Otto Stenberg.
19:28 of 1st period - Shot Blocked by Aidan Fulp.
19:30 of 1st period - Shot by Djibril Toure.
19:30 of 1st period - Stopped by Anton Forsberg with a rebound.
19:32 of 1st period - Shot by Otto Stenberg.
19:32 of 1st period - Stopped by Anton Forsberg without a rebound.
19:33 of 1st period - James Hamblin wins face-off versus Akil Thomas in LIMOILOU WOLF PACK zone.
19:38 of 1st period - Shot by Oliver Okuliar.
19:38 of 1st period - Stopped by Anton Forsberg without a rebound.
19:39 of 1st period - James Hamblin wins face-off versus Akil Thomas in LIMOILOU WOLF PACK zone.
19:40 of 1st period - Shot by Brian Halonen.
19:40 of 1st period - Stopped by Anton Forsberg without a rebound.
19:41 of 1st period - Akil Thomas wins face-off versus James Hamblin in LIMOILOU WOLF PACK zone.
19:41 of 1st period - Akil Thomas is hit by James Hamblin.
19:52 of 1st period - Off-side.
19:53 of 1st period - Philippe Daoust wins face-off versus Kyle Criscuolo in neutral zone.
19:56 of 1st period - Kyle Criscuolo is hit by Akil Thomas and loses puck.
Goals for this period are 1 for THEDFORD MINES ISOTHERMIC vs 0 for LIMOILOU WOLF PACK.
Shots for this period are 11 for THEDFORD MINES ISOTHERMIC vs 13 for LIMOILOU WOLF PACK.
2nd period
0:01 of 2nd period - James Hamblin wins face-off versus Akil Thomas in neutral zone.
0:03 of 2nd period - Oliver Okuliar is hit by Chad Ruhwedel and loses puck.
0:52 of 2nd period - Icing by Jeff Malott.
0:53 of 2nd period - Kyle Criscuolo wins face-off versus Jeff Malott in LIMOILOU WOLF PACK zone.
0:56 of 2nd period - Shot by Otto Stenberg.
0:56 of 2nd period - Stopped by Anton Forsberg without a rebound.
0:57 of 2nd period - Dominik Shine wins face-off versus Emil Bemstrom in LIMOILOU WOLF PACK zone.
1:14 of 2nd period - Shot by Jeff Malott.
1:14 of 2nd period - Shot Misses the Net.
1:16 of 2nd period - Shot by Dominik Shine.
1:16 of 2nd period - Shot Misses the Net.
1:28 of 2nd period - Shot by Jeff Malott.
1:28 of 2nd period - Stopped by Domenic DiVincentiis without a rebound.
1:29 of 2nd period - Philippe Daoust wins face-off versus Kyle Criscuolo in THEDFORD MINES ISOTHERMIC zone.
1:30 of 2nd period - Shot by Arthur Kaliyev.
1:30 of 2nd period - Stopped by Domenic DiVincentiis without a rebound.
1:31 of 2nd period - Philippe Daoust wins face-off versus James Hamblin in THEDFORD MINES ISOTHERMIC zone.
1:32 of 2nd period - Shot by Nicolas Aube-Kubel.
1:32 of 2nd period - Shot Misses the Net.
1:37 of 2nd period - Philippe Daoust is hit by Mikulas Hovorka and loses puck.
1:47 of 2nd period - Minor Penalty to Nicolas Aube-Kubel for Hooking.
1:48 of 2nd period - Oskar Pettersson wins face-off versus Kyle Criscuolo in LIMOILOU WOLF PACK zone.
1:53 of 2nd period - Kyle Criscuolo is hit by Akil Thomas and loses puck.
2:03 of 2nd period - Icing by Chase Pauls.
2:04 of 2nd period - Kyle Criscuolo wins face-off versus Dominik Shine in THEDFORD MINES ISOTHERMIC zone.
2:24 of 2nd period - Shot by Joe Arntsen.
2:24 of 2nd period - Stopped by Anton Forsberg without a rebound.
2:25 of 2nd period - Oliver Okuliar wins face-off versus Dominik Shine in LIMOILOU WOLF PACK zone.
2:25 of 2nd period - Oliver Okuliar is hit by Sebastien Aho.
2:27 of 2nd period - Shot by James Hamblin.
2:27 of 2nd period - Shot Blocked by Chad Ruhwedel.
2:29 of 2nd period - Shot by James Hamblin.
2:29 of 2nd period - Stopped by Anton Forsberg without a rebound.
2:30 of 2nd period - Dominik Shine wins face-off versus James Hamblin in LIMOILOU WOLF PACK zone.
4:10 of 2nd period - Shot by Philippe Daoust.
4:10 of 2nd period - Deflect By Arthur Kaliyev.
4:10 of 2nd period - Shot Blocked by Sam Sedley.
4:12 of 2nd period - Shot by Arthur Kaliyev.
4:12 of 2nd period - Stopped by Domenic DiVincentiis without a rebound.
4:13 of 2nd period - Luke Haymes wins face-off versus Jeff Malott in THEDFORD MINES ISOTHERMIC zone.
4:13 of 2nd period - Grant Cruikshank is hit by Jeff Malott and loses puck.
4:24 of 2nd period - Shot by Oskar Pettersson.
4:24 of 2nd period - Shot Misses the Net.
4:26 of 2nd period - Shot by Vincent Sevigny.
4:26 of 2nd period - Shot Misses the Net.
4:36 of 2nd period - Shot by Jeff Malott.
4:36 of 2nd period - Shot Blocked by Chase Pauls.
4:42 of 2nd period - Shot by Akil Thomas.
4:42 of 2nd period - Stopped by Domenic DiVincentiis without a rebound.
4:43 of 2nd period - Jacob Perreault wins face-off versus Kyle Criscuolo in THEDFORD MINES ISOTHERMIC zone.
4:55 of 2nd period - Kyle Criscuolo is hit by Dominik Shine and loses puck.
5:10 of 2nd period - Shot by Jacob Perreault.
5:10 of 2nd period - Stopped by Domenic DiVincentiis without a rebound.
5:11 of 2nd period - Philippe Daoust wins face-off versus James Hamblin in THEDFORD MINES ISOTHERMIC zone.
5:18 of 2nd period - Shot by Arthur Kaliyev.
5:18 of 2nd period - Stopped by Domenic DiVincentiis without a rebound.
5:19 of 2nd period - Philippe Daoust wins face-off versus James Hamblin in THEDFORD MINES ISOTHERMIC zone.
5:26 of 2nd period - Shot by Arthur Kaliyev.
5:26 of 2nd period - Stopped by Domenic DiVincentiis without a rebound.
5:27 of 2nd period - Jacob Perreault wins face-off versus James Hamblin in THEDFORD MINES ISOTHERMIC zone.
5:34 of 2nd period - Shot by Oskar Pettersson.
5:34 of 2nd period - Shot Misses the Net.
6:51 of 2nd period - Shot by Philippe Daoust.
6:51 of 2nd period - Stopped by Domenic DiVincentiis without a rebound.
6:52 of 2nd period - Wyatt Bongiovanni wins face-off versus Jeff Malott in THEDFORD MINES ISOTHERMIC zone.
7:19 of 2nd period - Icing by Jeff Malott.
7:20 of 2nd period - James Hamblin wins face-off versus Jeff Malott in LIMOILOU WOLF PACK zone.
7:41 of 2nd period - Icing by Philippe Daoust.
7:42 of 2nd period - Kyle Criscuolo wins face-off versus Brendan Brisson in LIMOILOU WOLF PACK zone.
7:49 of 2nd period - Shot by Kyle Criscuolo.
7:49 of 2nd period - Shot Misses the Net.
8:23 of 2nd period - Shot by Nicolas Deslauriers.
8:23 of 2nd period - Stopped by Domenic DiVincentiis without a rebound.
8:24 of 2nd period - Philippe Daoust wins face-off versus James Hamblin in THEDFORD MINES ISOTHERMIC zone.
8:27 of 2nd period - Shot by Nicolas Aube-Kubel.
8:27 of 2nd period - Goal by Nicolas Aube-Kubel - THEDFORD MINES ISOTHERMIC : 1 - LIMOILOU WOLF PACK : 1.
8:28 of 2nd period - Dominik Shine wins face-off versus Brian Halonen in neutral zone.
8:50 of 2nd period - Shot by Oskar Pettersson.
8:50 of 2nd period - Shot Blocked by Mikulas Hovorka.
8:54 of 2nd period - Shot by Oskar Pettersson.
8:54 of 2nd period - Shot Blocked by Djibril Toure.
9:18 of 2nd period - Mikael Diotte is hit by Arthur Kaliyev and loses puck.
9:28 of 2nd period - Arthur Kaliyev is hit by Mikael Diotte and loses puck.
9:33 of 2nd period - Shot by Nicolas Aube-Kubel.
9:33 of 2nd period - Shot Misses the Net.
9:48 of 2nd period - Jacob Perreault is hit by Mikael Diotte and loses puck.
9:55 of 2nd period - Shot by Jeff Malott.
9:55 of 2nd period - Shot Misses the Net.
10:07 of 2nd period - Shot by Jeff Malott.
10:07 of 2nd period - Shot Misses the Net.
10:26 of 2nd period - Off-side.
10:27 of 2nd period - Kyle Criscuolo wins face-off versus Nicolas Aube-Kubel in neutral zone.
10:30 of 2nd period - Shot by Otto Stenberg.
10:30 of 2nd period - Shot Misses the Net.
11:10 of 2nd period - Off-side.
11:11 of 2nd period - Brian Halonen wins face-off versus Jeff Malott in neutral zone.
11:11 of 2nd period - Brian Halonen is hit by Jeff Malott.
11:37 of 2nd period - Shot by James Hamblin.
11:37 of 2nd period - Stopped by Anton Forsberg without a rebound.
11:38 of 2nd period - Jacob Perreault wins face-off versus Grant Cruikshank in LIMOILOU WOLF PACK zone.
11:45 of 2nd period - Shot by Dominik Shine.
11:45 of 2nd period - Stopped by Domenic DiVincentiis with a rebound.
11:47 of 2nd period - Shot by Jackson van de Leest.
11:47 of 2nd period - Shot Misses the Net.
11:49 of 2nd period - Shot by Jeff Malott.
11:49 of 2nd period - Shot Misses the Net.
11:51 of 2nd period - Shot by Jeff Malott.
11:51 of 2nd period - Stopped by Domenic DiVincentiis with a rebound.
11:55 of 2nd period - Shot by Jacob Perreault.
11:55 of 2nd period - Shot Misses the Net.
12:11 of 2nd period - Off-side.
12:12 of 2nd period - Jacob Perreault wins face-off versus Brian Halonen in neutral zone.
12:22 of 2nd period - Icing by James Hamblin.
12:23 of 2nd period - Philippe Daoust wins face-off versus James Hamblin in THEDFORD MINES ISOTHERMIC zone.
13:05 of 2nd period - Shot by Akil Thomas.
13:05 of 2nd period - Deflect By Oskar Pettersson.
13:05 of 2nd period - Shot Misses the Net.
13:21 of 2nd period - Shot by Oskar Pettersson.
13:21 of 2nd period - Shot Blocked by James Hamblin.
13:38 of 2nd period - Icing by Chase Pauls.
13:39 of 2nd period - James Hamblin wins face-off versus Jeff Malott in THEDFORD MINES ISOTHERMIC zone.
14:24 of 2nd period - Shot by Kyle Criscuolo.
14:24 of 2nd period - Shot Blocked by Charlie Wright.
14:26 of 2nd period - Shot by Kyle Criscuolo.
14:26 of 2nd period - Stopped by Anton Forsberg with a rebound.
14:57 of 2nd period - Jeff Malott is hit by Emil Bemstrom.
15:17 of 2nd period - Off-side.
15:18 of 2nd period - Jacob Perreault wins face-off versus Grant Cruikshank in neutral zone.
15:39 of 2nd period - Shot by Akil Thomas.
15:39 of 2nd period - Shot Blocked by Grant Cruikshank.
15:41 of 2nd period - Shot by Sebastien Aho.
15:41 of 2nd period - Stopped by Domenic DiVincentiis without a rebound.
15:42 of 2nd period - Kyle Criscuolo wins face-off versus Dominik Shine in THEDFORD MINES ISOTHERMIC zone.
16:03 of 2nd period - Shot by Otto Stenberg.
16:03 of 2nd period - Stopped by Anton Forsberg without a rebound.
16:04 of 2nd period - Jacob Perreault wins face-off versus James Hamblin in LIMOILOU WOLF PACK zone.
16:19 of 2nd period - Shot by Oskar Pettersson.
16:19 of 2nd period - Stopped by Domenic DiVincentiis without a rebound.
16:20 of 2nd period - Wyatt Bongiovanni wins face-off versus Jacob Perreault in THEDFORD MINES ISOTHERMIC zone.
16:48 of 2nd period - Nicolas Aube-Kubel is hit by Emil Bemstrom and loses puck.
17:21 of 2nd period - Shot by Oliver Okuliar.
17:21 of 2nd period - Stopped by Anton Forsberg with a rebound.
17:31 of 2nd period - Shot by Oskar Pettersson.
17:31 of 2nd period - Shot Misses the Net.
17:53 of 2nd period - Icing by Sam Sedley.
17:54 of 2nd period - James Hamblin wins face-off versus Jeff Malott in THEDFORD MINES ISOTHERMIC zone.
19:21 of 2nd period - Shot by Wyatt Bongiovanni.
19:21 of 2nd period - Shot Misses the Net.
19:43 of 2nd period - Shot by Luke Haymes.
19:43 of 2nd period - Shot Misses the Net.
19:49 of 2nd period - Shot by Grant Cruikshank.
19:49 of 2nd period - Stopped by Anton Forsberg without a rebound.
19:50 of 2nd period - Philippe Daoust wins face-off versus Brian Halonen in LIMOILOU WOLF PACK zone.
Goals for this period are 0 for THEDFORD MINES ISOTHERMIC vs 1 for LIMOILOU WOLF PACK.
Shots for this period are 8 for THEDFORD MINES ISOTHERMIC vs 14 for LIMOILOU WOLF PACK.
3rd period
0:01 of 3rd period - Jacob Perreault wins face-off versus James Hamblin in neutral zone.
0:16 of 3rd period - Off-side.
0:17 of 3rd period - Philippe Daoust wins face-off versus Kyle Criscuolo in neutral zone.
0:26 of 3rd period - Shot by Arthur Kaliyev.
0:26 of 3rd period - Shot Misses the Net.
0:38 of 3rd period - Shot by Kyle Criscuolo.
0:38 of 3rd period - Shot Misses the Net.
1:04 of 3rd period - Otto Stenberg is hit by Dominik Shine and loses puck.
1:08 of 3rd period - Icing by Chase Pauls.
1:09 of 3rd period - Kyle Criscuolo wins face-off versus Jeff Malott in THEDFORD MINES ISOTHERMIC zone.
1:11 of 3rd period - Icing by Otto Stenberg.
1:12 of 3rd period - Jacob Perreault wins face-off versus Kyle Criscuolo in THEDFORD MINES ISOTHERMIC zone.
1:13 of 3rd period - Shot by Dominik Shine.
1:13 of 3rd period - Stopped by Domenic DiVincentiis without a rebound.
1:14 of 3rd period - Jacob Perreault wins face-off versus James Hamblin in THEDFORD MINES ISOTHERMIC zone.
1:15 of 3rd period - Shot by Dominik Shine.
1:15 of 3rd period - Stopped by Domenic DiVincentiis with a rebound.
1:17 of 3rd period - Shot by Jeff Malott.
1:17 of 3rd period - Shot Misses the Net.
2:08 of 3rd period - Oskar Pettersson is hit by Wyatt Bongiovanni and loses puck.
2:34 of 3rd period - Minor Penalty to Chad Ruhwedel for Hooking.
2:35 of 3rd period - Dominik Shine wins face-off versus Kyle Criscuolo in LIMOILOU WOLF PACK zone.
2:35 of 3rd period - Dominik Shine is hit by Chase Pauls.
3:51 of 3rd period - Shot by Oliver Okuliar.
3:51 of 3rd period - Stopped by Anton Forsberg without a rebound.
3:52 of 3rd period - Dominik Shine wins face-off versus Kyle Criscuolo in LIMOILOU WOLF PACK zone.
4:19 of 3rd period - Shot by Otto Stenberg.
4:19 of 3rd period - Stopped by Anton Forsberg without a rebound.
4:20 of 3rd period - James Hamblin wins face-off versus Oskar Pettersson in LIMOILOU WOLF PACK zone.
4:25 of 3rd period - Shot by Brian Halonen.
4:25 of 3rd period - Shot Misses the Net.
4:35 of 3rd period - Shot by Brian Halonen.
4:35 of 3rd period - Deflect By Ethan Cardwell.
4:35 of 3rd period - Shot Misses the Net.
4:48 of 3rd period - Off-side.
4:49 of 3rd period - Grant Cruikshank wins face-off versus Jeff Malott in neutral zone.
4:49 of 3rd period - Grant Cruikshank is hit by Jeff Malott.
4:52 of 3rd period - Luke Haymes is hit by Charlie Wright and loses puck.
5:00 of 3rd period - Minor Penalty to Philippe Daoust for Hooking.
5:01 of 3rd period - James Hamblin wins face-off versus Akil Thomas in LIMOILOU WOLF PACK zone.
5:16 of 3rd period - Shot by Brian Halonen.
5:16 of 3rd period - Stopped by Anton Forsberg with a rebound.
5:34 of 3rd period - Shot by Brian Halonen.
5:34 of 3rd period - Stopped by Anton Forsberg without a rebound.
5:35 of 3rd period - Kyle Criscuolo wins face-off versus Akil Thomas in LIMOILOU WOLF PACK zone.
5:36 of 3rd period - Shot by Otto Stenberg.
5:36 of 3rd period - Shot Misses the Net.
6:14 of 3rd period - Shot by Kyle Criscuolo.
6:14 of 3rd period - Shot Misses the Net.
7:18 of 3rd period - Shot by Ethan Cardwell.
7:18 of 3rd period - Stopped by Anton Forsberg without a rebound.
7:19 of 3rd period - Oskar Pettersson wins face-off versus Grant Cruikshank in LIMOILOU WOLF PACK zone.
8:45 of 3rd period - Vincent Sevigny is hit by Filip Engaras and loses puck.
8:57 of 3rd period - Akil Thomas is hit by Oliver Okuliar and loses puck.
9:12 of 3rd period - Akil Thomas is hit by Oliver Okuliar and loses puck.
9:20 of 3rd period - James Hamblin is hit by Vincent Sevigny and loses puck.
9:36 of 3rd period - Wyatt Bongiovanni is hit by Vincent Sevigny and loses puck.
9:47 of 3rd period - Shot by Ethan Cardwell.
9:47 of 3rd period - Shot Misses the Net.
9:49 of 3rd period - Shot by Ethan Cardwell.
9:49 of 3rd period - Shot Misses the Net.
9:51 of 3rd period - Shot by Ethan Cardwell.
9:51 of 3rd period - Stopped by Anton Forsberg without a rebound.
9:52 of 3rd period - Jacob Perreault wins face-off versus Grant Cruikshank in LIMOILOU WOLF PACK zone.
10:07 of 3rd period - Shot by Philippe Daoust.
10:07 of 3rd period - Stopped by Domenic DiVincentiis without a rebound.
10:08 of 3rd period - James Hamblin wins face-off versus Philippe Daoust in THEDFORD MINES ISOTHERMIC zone.
10:08 of 3rd period - James Hamblin is hit by Nicolas Aube-Kubel.
10:23 of 3rd period - Oliver Okuliar is hit by Chad Ruhwedel and loses puck.
10:38 of 3rd period - Shot by Brian Halonen.
10:38 of 3rd period - Shot Misses the Net.
10:45 of 3rd period - Icing by Sebastien Aho.
10:46 of 3rd period - Kyle Criscuolo wins face-off versus Philippe Daoust in LIMOILOU WOLF PACK zone.
10:51 of 3rd period - Shot by Kyle Criscuolo.
10:51 of 3rd period - Stopped by Anton Forsberg without a rebound.
10:52 of 3rd period - Kyle Criscuolo wins face-off versus Jacob Perreault in LIMOILOU WOLF PACK zone.
10:55 of 3rd period - Shot by Kyle Criscuolo.
10:55 of 3rd period - Stopped by Anton Forsberg with a rebound.
11:00 of 3rd period - Minor Penalty to Mikael Diotte for Tripping.
11:01 of 3rd period - Philippe Daoust wins face-off versus James Hamblin in THEDFORD MINES ISOTHERMIC zone.
11:08 of 3rd period - Shot by Arthur Kaliyev.
11:08 of 3rd period - Shot Misses the Net.
11:10 of 3rd period - Shot by Aidan Fulp.
11:10 of 3rd period - Stopped by Domenic DiVincentiis without a rebound.
11:11 of 3rd period - James Hamblin wins face-off versus Philippe Daoust in THEDFORD MINES ISOTHERMIC zone.
11:22 of 3rd period - James Hamblin is hit by Arthur Kaliyev and loses puck.
11:34 of 3rd period - Icing by Arthur Kaliyev.
11:35 of 3rd period - Philippe Daoust wins face-off versus James Hamblin in LIMOILOU WOLF PACK zone.
11:35 of 3rd period - Philippe Daoust is hit by Brian Halonen.
12:20 of 3rd period - Icing by Nicolas Deslauriers.
12:21 of 3rd period - James Hamblin wins face-off versus Jacob Perreault in LIMOILOU WOLF PACK zone.
12:22 of 3rd period - Shot by Brian Halonen.
12:22 of 3rd period - Stopped by Anton Forsberg without a rebound.
12:23 of 3rd period - Philippe Daoust wins face-off versus James Hamblin in LIMOILOU WOLF PACK zone.
12:23 of 3rd period - Philippe Daoust is hit by Brian Halonen.
12:37 of 3rd period - Shot by Arthur Kaliyev.
12:37 of 3rd period - Shot Misses the Net.
12:39 of 3rd period - Shot by Arthur Kaliyev.
12:39 of 3rd period - Stopped by Domenic DiVincentiis without a rebound.
12:40 of 3rd period - Kyle Criscuolo wins face-off versus Jacob Perreault in THEDFORD MINES ISOTHERMIC zone.
13:20 of 3rd period - Shot by Akil Thomas.
13:20 of 3rd period - Stopped by Domenic DiVincentiis without a rebound.
13:21 of 3rd period - Jeff Malott wins face-off versus Kyle Criscuolo in THEDFORD MINES ISOTHERMIC zone.
13:23 of 3rd period - Dominik Shine is hit by Chase Pauls and loses puck.
13:47 of 3rd period - Shot by Jacob Perreault.
13:47 of 3rd period - Stopped by Domenic DiVincentiis without a rebound.
13:48 of 3rd period - James Hamblin wins face-off versus Nicolas Aube-Kubel in THEDFORD MINES ISOTHERMIC zone.
13:56 of 3rd period - Off-side.
13:57 of 3rd period - James Hamblin wins face-off versus Philippe Daoust in neutral zone.
14:02 of 3rd period - Philippe Daoust is hit by Oliver Okuliar.
14:08 of 3rd period - Shot by Oliver Okuliar.
14:08 of 3rd period - Shot Misses the Net.
14:10 of 3rd period - Shot by Djibril Toure.
14:10 of 3rd period - Stopped by Anton Forsberg with a rebound.
14:12 of 3rd period - Shot by Brian Halonen.
14:12 of 3rd period - Stopped by Anton Forsberg without a rebound.
14:13 of 3rd period - Jeff Malott wins face-off versus Kyle Criscuolo in LIMOILOU WOLF PACK zone.
14:13 of 3rd period - Jeff Malott is hit by Filip Engaras.
14:26 of 3rd period - Filip Engaras is hit by Chad Ruhwedel and loses puck.
14:52 of 3rd period - Kyle Criscuolo is hit by Jeff Malott and loses puck.
14:57 of 3rd period - Minor Penalty to Jeff Malott for Roughing.
14:58 of 3rd period - Oliver Okuliar wins face-off versus Dominik Shine in LIMOILOU WOLF PACK zone.
14:59 of 3rd period - Shot by Brian Halonen.
14:59 of 3rd period - Shot Misses the Net.
15:01 of 3rd period - Shot by Oliver Okuliar.
15:01 of 3rd period - Stopped by Anton Forsberg without a rebound.
15:02 of 3rd period - James Hamblin wins face-off versus Dominik Shine in LIMOILOU WOLF PACK zone.
15:03 of 3rd period - Shot by Oliver Okuliar.
15:03 of 3rd period - Shot Misses the Net.
15:05 of 3rd period - Shot by Djibril Toure.
15:05 of 3rd period - Deflect By James Hamblin.
15:05 of 3rd period - Shot Blocked by Nicolas Deslauriers.
15:07 of 3rd period - Shot by Djibril Toure.
15:07 of 3rd period - Deflect By Brian Halonen.
15:07 of 3rd period - Stopped by Anton Forsberg without a rebound.
15:08 of 3rd period - James Hamblin wins face-off versus Dominik Shine in LIMOILOU WOLF PACK zone.
15:31 of 3rd period - Shot by Brian Halonen.
15:31 of 3rd period - Stopped by Anton Forsberg without a rebound.
15:32 of 3rd period - Kyle Criscuolo wins face-off versus Oskar Pettersson in LIMOILOU WOLF PACK zone.
15:35 of 3rd period - Shot by Filip Engaras.
15:35 of 3rd period - Shot Misses the Net.
15:45 of 3rd period - Shot by Kyle Criscuolo.
15:45 of 3rd period - Shot Misses the Net.
15:47 of 3rd period - Shot by Filip Engaras.
15:47 of 3rd period - Shot Blocked by Chad Ruhwedel.
15:49 of 3rd period - Shot by Chase Pauls.
15:49 of 3rd period - Shot Blocked by Chad Ruhwedel.
15:51 of 3rd period - Shot by Chase Pauls.
15:51 of 3rd period - Stopped by Anton Forsberg without a rebound.
15:52 of 3rd period - James Hamblin wins face-off versus Dominik Shine in LIMOILOU WOLF PACK zone.
15:57 of 3rd period - Shot by James Hamblin.
15:57 of 3rd period - Stopped by Anton Forsberg without a rebound.
15:58 of 3rd period - James Hamblin wins face-off versus Dominik Shine in LIMOILOU WOLF PACK zone.
16:28 of 3rd period - Shot by James Hamblin.
16:28 of 3rd period - Shot Misses the Net.
16:41 of 3rd period - Icing by Mikulas Hovorka.
16:42 of 3rd period - James Hamblin wins face-off versus Dominik Shine in THEDFORD MINES ISOTHERMIC zone.
17:37 of 3rd period - Akil Thomas is hit by Emil Bemstrom and loses puck.
18:18 of 3rd period - Off-side.
18:19 of 3rd period - Kyle Criscuolo wins face-off versus Jacob Perreault in neutral zone.
18:46 of 3rd period - Shot by Jacob Perreault.
18:46 of 3rd period - Stopped by Domenic DiVincentiis without a rebound.
18:47 of 3rd period - James Hamblin wins face-off versus Jeff Malott in THEDFORD MINES ISOTHERMIC zone.
19:48 of 3rd period - Shot by Kyle Criscuolo.
19:48 of 3rd period - Shot Blocked by Cam McDonald.
Goals for this period are 0 for THEDFORD MINES ISOTHERMIC vs 0 for LIMOILOU WOLF PACK.
Shots for this period are 16 for THEDFORD MINES ISOTHERMIC vs 8 for LIMOILOU WOLF PACK.
Overtime #1
0:01 of 1st overtime period - Philippe Daoust wins face-off versus James Hamblin in neutral zone.
0:03 of 1st overtime period - Jeff Malott is hit by Djibril Toure and loses puck.
0:10 of 1st overtime period - Shot by Brian Halonen.
0:10 of 1st overtime period - Stopped by Anton Forsberg without a rebound.
0:11 of 1st overtime period - Philippe Daoust wins face-off versus James Hamblin in LIMOILOU WOLF PACK zone.
0:53 of 1st overtime period - Icing by Jeff Malott.
0:54 of 1st overtime period - Oliver Okuliar wins face-off versus Jeff Malott in LIMOILOU WOLF PACK zone.
1:11 of 1st overtime period - Shot by Kyle Criscuolo.
1:11 of 1st overtime period - Shot Misses the Net.
1:17 of 1st overtime period - Shot by Oliver Okuliar.
1:17 of 1st overtime period - Shot Blocked by Nicolas Deslauriers.
1:23 of 1st overtime period - Shot by Oliver Okuliar.
1:23 of 1st overtime period - Stopped by Anton Forsberg with a rebound.
1:27 of 1st overtime period - Shot by Kyle Criscuolo.
1:27 of 1st overtime period - Stopped by Anton Forsberg with a rebound.
1:31 of 1st overtime period - Shot by Oliver Okuliar.
1:31 of 1st overtime period - Deflect By Kyle Criscuolo.
1:31 of 1st overtime period - Shot Blocked by Philippe Daoust.
1:33 of 1st overtime period - Shot by Oliver Okuliar.
1:33 of 1st overtime period - Shot Blocked by Nicolas Deslauriers.
1:35 of 1st overtime period - Shot by Mikulas Hovorka.
1:35 of 1st overtime period - Shot Blocked by Nicolas Deslauriers.
2:04 of 1st overtime period - Shot by James Hamblin.
2:04 of 1st overtime period - Stopped by Anton Forsberg with a rebound.
2:06 of 1st overtime period - Shot by James Hamblin.
2:06 of 1st overtime period - Stopped by Anton Forsberg without a rebound.
2:07 of 1st overtime period - James Hamblin wins face-off versus Oskar Pettersson in LIMOILOU WOLF PACK zone.
2:30 of 1st overtime period - Shot by Oskar Pettersson.
2:30 of 1st overtime period - Stopped by Domenic DiVincentiis without a rebound.
2:31 of 1st overtime period - Oliver Okuliar wins face-off versus Oskar Pettersson in THEDFORD MINES ISOTHERMIC zone.
2:52 of 1st overtime period - Shot by Oliver Okuliar.
2:52 of 1st overtime period - Shot Misses the Net.
2:54 of 1st overtime period - Shot by Kyle Criscuolo.
2:54 of 1st overtime period - Deflect By Oliver Okuliar.
2:54 of 1st overtime period - Goal by Oliver Okuliar - THEDFORD MINES ISOTHERMIC : 2 - LIMOILOU WOLF PACK : 1.
Goals for this period are 1 for THEDFORD MINES ISOTHERMIC vs 0 for LIMOILOU WOLF PACK.
Shots for this period are 6 for THEDFORD MINES ISOTHERMIC vs 1 for LIMOILOU WOLF PACK.
Back to the Top